[Event "Titled Tuesday Blitz April 26 Early 2022"]
[White "Eynullayev, Atilla"]
[Black "Koziorowicz, Michal"]
[WhiteFideId "13413570"]
[BlackFideId "21809194"]
[WhiteElo "1936"]
[BlackElo "2235"]
[Result "1-0"]
[Round "10"]
[TimeControl "180+1"]
[Date "2022.04.26"]
[WhiteClock "0:00:09"]
[BlackClock "0:00:17"]

1. e4 f6 2. d4 Kf7 3. Nc3 g6 4. h3 Kg7 5. Nf3 d6 6. Bd3 e5 7. Be3 Nc6 8. d5 Nce7 9. g4 h6 10. Nd2 c5 11. a4 Bd7 12. h4 Qc8 13. Rg1 Kf7 14. h5 g5 15. f3 Qb8 16. Ne2 Nc8 17. c3 Be7 18. b4 b6 19. Ng3 Bd8 20. Qe2 Nge7 21. Nc4 a6 22. bxc5 bxc5 23. Rb1 Qa7 24. Nf5 Nxf5 25. gxf5 Bxa4 26. f4 exf4 27. Bxf4 gxf4 28. Qg4 Ke8 29. e5 dxe5 30. d6 Qf7 31. Qf3 Ra7 32. Be4 Qxc4 33. Bc6+ Kf8 34. Bxa4 Qxa4 35. Rb7 Qa1+ 36. Kf2 Qa2+ 37. Ke1 Nxd6 38. Rxa7 e4 39. Qd1 Be7 40. Ra8+ Kf7 41. Rxh8 e3 42. Rh7+ Ke8 43. Qe2 Qb1+ 44. Qd1 Qxd1+ 45. Kxd1 f3 46. Rg3 f2 47. Ke2 Nxf5 48. Rf3 Nh4 49. Rxe3 Nf5 50. Rf3 Nd6 51. Rxf2 Ne4 52. Rf3 Kd7 53. Re3 f5 54. Rxh6 Bg5 55. Rh7+ Ke6 56. Rd3 c4 57. Rd4 Nxc3+ 58. Kf3 Nb5 59. Rxc4 Kd5 60. Rc8 Nd4+ 61. Kg3 Bf4+ 62. Kxf4 Ne6+ 63. Kxf5 Nd4+ 64. Kg6 Nf3 65. Rd8+ Ke5 66. Re7+ Kf4 67. Rf8+ Kg4 68. Rxf3 Kxf3 69. Ra7 1-0


[Site "https://www.chess.com"]

[Event "Titled Tuesday Blitz April 26 Early 2022"]
[White "Fernandez Siles, Luis"]
[Black "Przybylski, Wojciech"]
[WhiteFideId "2209420"]
[BlackFideId "1117599"]
[WhiteElo "2212"]
[BlackElo "2133"]
[Result "0-1"]
[Round "10"]
[TimeControl "180+1"]
[Date "2022.04.26"]
[WhiteClock "0:00:23"]
[BlackClock "0:00:07"]

1. d4 Nf6 2. c4 e6 3. Nc3 Bb4 4. e3 O-O 5. Ne2 d5 6. a3 Bd6 7. c5 Be7 8. b4 c6 9. Ng3 Ne8 10. Bd3 f5 11. f4 Nd7 12. Bd2 Ndf6 13. Nh5 Nxh5 14. Qxh5 Nf6 15. Qf3 Bd7 16. h3 Ne4 17. g4 Bh4+ 18. Kd1 Nf2+ 19. Kc2 e5 20. dxe5 fxg4 21. hxg4 Bxg4 22. Bxh7+ Kf7 23. Qg2 Rh8 24. e6+ Kxe6 25. f5+ Kd7 26. Bg6 Qf6 27. Kb2 Nd3+ 28. Ka2 a5 29. Qxg4 axb4 30. Kb3 bxc3 31. Bxc3 Nxc5+ 32. Kb4 Qe7 33. f6+ Kc7 34. fxe7 Ra4+ 35. Kxc5 b6# 0-1


[Site "https://www.chess.com"]

[Event "Titled Tuesday Blitz April 26 Early 2022"]
[White "Fiorito, Fabian"]
[Black "Bristy, Mukherjee"]
[WhiteFideId "100200"]
[BlackFideId "25077325"]
[WhiteElo "2395"]
[BlackElo "1661"]
[Result "1-0"]
[Round "10"]
[TimeControl "180+1"]
[Date "2022.04.26"]
[WhiteClock "0:00:50"]
[BlackClock "0:00:01"]

1. d4 f5 2. Nc3 Nf6 3. Bf4 e6 4. e3 Be7 5. Qd2 d6 6. O-O-O O-O 7. h3 Nc6 8. Bd3 Qe8 9. g4 e5 10. Bg5 h6 11. Bxf6 Bxf6 12. Nge2 exd4 13. exd4 fxg4 14. hxg4 Bxg4 15. Rdg1 Bxe2 16. Nxe2 Qe6 17. d5 Qe5 18. dxc6 Qxb2+ 19. Kd1 Bg5 20. Rxg5 hxg5 21. Bc4+ Rf7 22. Bxf7+ Kxf7 23. Qd5+ Ke7 24. Qxg5+ Kf7 25. Qf5+ Ke7 26. Nf4 Qa1+ 27. Ke2 Qe5+ 28. Qxe5+ dxe5 29. cxb7 Rb8 30. Nd5+ Kd6 31. Rd1 Rxb7 32. Nc3+ Ke6 33. Rb1 Rxb1 34. Nxb1 Kd5 35. Kd3 e4+ 36. Ke3 Ke5 37. Nc3 g6 38. Nxe4 Kd5 39. Kd3 Ke5 40. c4 Kf4 41. Nc5 Ke5 42. Na6 c6 43. Nb8 Kd6 44. Kd4 Kc7 45. Na6+ Kb6 46. Nb4 c5+ 47. Kc3 cxb4+ 48. Kxb4 Kc6 49. c5 a6 50. Kc4 Kc7 51. Kd5 Kd7 52. c6+ Kc7 53. Kc5 g5 54. f3 a5 55. a4 1-0


[Site "https://www.chess.com"]

[Event "Titled Tuesday Blitz April 26 Early 2022"]
[White "Grandelius, Nils"]
[Black "Maksimovic, Bojan"]
[WhiteFideId "1710400"]
[BlackFideId "14408120"]
[WhiteElo "2617"]
[BlackElo "2448"]
[Result "0-1"]
[Round "10"]
[TimeControl "180+1"]
[Date "2022.04.26"]
[WhiteClock "0:02:29"]
[BlackClock "0:02:17"]

1. Nf3 Nf6 2. g3 g6 3. b3 Bg7 4. Bb2 d6 5. Bg2 e5 6. O-O O-O 7. c4 Nc6 8. Nc3 Bf5 9. d4 exd4 10. Nxd4 Nxd4 11. Qxd4 Ne4 12. Qe3 Re8 13. Qc1 Nxc3 14. Bxc3 Rxe2 15. Bxb7 Rb8 16. Bf3 Rc2 0-1


[Site "https://www.chess.com"]

[Event "Titled Tuesday Blitz April 26 Early 2022"]
[White "Guseva, Marina"]
[Black "Hua, Lefong"]
[WhiteFideId "4149351"]
[BlackFideId "2602253"]
[WhiteElo "2071"]
[BlackElo "2605"]
[Result "1-0"]
[Round "10"]
[TimeControl "180+1"]
[Date "2022.04.26"]
[WhiteClock "0:01:41"]
[BlackClock "0:01:41"]

1. d4 Nf6 2. Nf3 g6 3. Bf4 Bg7 4. e3 O-O 5. Be2 b6 6. h3 c5 7. O-O Bb7 8. a4 a6 9. c3 d6 10. Nbd2 Nbd7 11. Bh2 Qc8 12. Re1 Bc6 13. Bd3 Qb7 14. e4 cxd4 15. cxd4 d5 16. e5 Ne4 17. Qe2 Nxd2 18. Qxd2 e6 19. Bf4 Rfc8 20. Bh6 Bh8 21. Qf4 Nf8 22. Qh4 Be8 23. Bg5 Bg7 24. Bf6 Rc7 25. Nh2 h5 26. g4 hxg4 27. Nxg4 Nh7 28. Bxg7 Kxg7 29. Qh6+ 1-0


[Site "https://www.chess.com"]

[Event "Titled Tuesday Blitz April 26 Early 2022"]
[White "Haukenfrers, Dale"]
[Black "Matveeva, Olga"]
[WhiteFideId "2603780"]
[BlackFideId "24107018"]
[WhiteElo "2063"]
[BlackElo "2083"]
[Result "0-1"]
[Round "10"]
[TimeControl "180+1"]
[Date "2022.04.26"]
[WhiteClock "0:00:51"]
[BlackClock "0:00:54"]

1. f3 d5 2. c3 Nf6 3. e4 dxe4 4. fxe4 e5 5. Be2 Nc6 6. d3 Bc5 7. Nf3 O-O 8. b4 Bb6 9. a4 a5 10. bxa5 Rxa5 11. Na3 Ng4 12. Nc4 Nf2 13. Qb3 Nxh1 14. Nxa5 Nxa5 15. Qb5 Nf2 16. Nxe5 Nxe4 17. dxe4 Qh4+ 18. Kd1 Rd8+ 19. Kc2 Qxe4+ 20. Bd3 Qxg2+ 21. Kb1 Be6 22. c4 Nc6 23. Nxc6 bxc6 24. Qa6 Qxh2 25. Ra2 Qg3 26. Rd2 Be3 27. Bxh7+ Kxh7 28. Rxd8 Bf5+ 29. Kb2 Qe5+ 30. Kb3 Bxc1 31. c5 Qb2+ 32. Kc4 Qe2+ 33. Kc3 Qxa6 34. a5 Qxa5+ 35. Kc4 Qa4+ 36. Kc3 Qa3+ 37. Kc4 Qa2+ 38. Kc3 Qb2+ 39. Kc4 Qc2+ 40. Kd4 Qd3+ 41. Ke5 Qe4# 0-1


[Site "https://www.chess.com"]

[Event "Titled Tuesday Blitz April 26 Early 2022"]
[White "Hoffmann, Asa"]
[Black "Shtyka, Sergey"]
[WhiteFideId "2001470"]
[BlackFideId "4138465"]
[WhiteElo "2117"]
[BlackElo "2014"]
[Result "0-1"]
[Round "10"]
[TimeControl "180+1"]
[Date "2022.04.26"]
[WhiteClock "0:00:28"]
[BlackClock "0:00:33"]

1. d4 c5 2. dxc5 e5 3. Nc3 Bxc5 4. Ne4 Be7 5. Nd6+ Bxd6 6. Qxd6 Qe7 7. Qxe7+ Nxe7 8. c4 d5 9. e3 Be6 10. Nf3 Nbc6 11. Bd2 dxc4 12. Ng5 Bf5 13. Bxc4 O-O 14. O-O h6 15. Nf3 Rfd8 16. Bc3 Ng6 17. Rfd1 Rac8 18. Bd5 a6 19. Bxc6 Rxd1+ 20. Rxd1 Rxc6 21. Nxe5 Nxe5 22. Bxe5 f6 23. Bc3 Be6 24. a3 Kf7 25. f3 Bb3 26. Rd2 Ke6 27. e4 Rd6 28. Rxd6+ Kxd6 29. Kf2 Ke6 30. Ke3 b5 31. f4 g6 32. g4 Bd1 33. h3 Bb3 34. Kd4 Bd1 35. Kc5 Bf3 36. Kd4 g5 37. f5+ Kf7 38. e5 fxe5+ 39. Kxe5 Bg2 40. h4 gxh4 41. Kf4 Bc6 42. Be1 h3 43. Kg3 Bg2 44. Bc3 Bf1 45. Be5 Bg2 46. Kf2 Kf8 47. Ke3 Ke8 48. Bf4 Kf7 49. Kf2 Kg7 50. Bg3 Be4 51. Bh4 h5 52. f6+ Kf7 53. Kg3 hxg4 54. Bg5 Bd5 55. Bf4 Be6 56. Bg5 Kg6 57. Bf4 Kf5 58. Be3 Ke4 59. Bg1 Kd3 60. Bh2 Kc2 61. Kf4 Kxb2 62. Ke5 Bf7 63. Kd6 Kxa3 64. Ke7 Bg6 65. f7 Bxf7 66. Kxf7 b4 0-1


[Site "https://www.chess.com"]

[Event "Titled Tuesday Blitz April 26 Early 2022"]
[White "Ianov, Viktor"]
[Black "Li, Ben"]
[WhiteFideId "14102730"]
[BlackFideId "2089980"]
[WhiteElo "2161"]
[BlackElo "2267"]
[Result "0-1"]
[Round "10"]
[TimeControl "180+1"]
[Date "2022.04.26"]
[WhiteClock "0:01:12"]
[BlackClock "0:00:30"]

1. Nf3 d5 2. g3 c5 3. Bg2 Nc6 4. d4 Nf6 5. O-O e6 6. c4 dxc4 7. Ne5 Bd7 8. Na3 cxd4 9. Naxc4 Rc8 10. Bf4 Nd5 11. Qb3 Be7 12. Qxb7 Nxe5 13. Nxe5 Rc7 14. Qb3 Nxf4 15. gxf4 O-O 16. Rfd1 Bc5 17. Rac1 Bb6 18. Nc4 Qb8 19. Nxb6 Rxc1 20. Rxc1 axb6 21. Qg3 Bb5 22. Bf3 h6 23. b3 Rd8 24. a4 Ba6 25. Rc6 d3 26. exd3 Rxd3 27. Qg4 Rd4 28. Kg2 Rxf4 29. Qh5 Rf5 30. Qh4 Rxf3 31. Kxf3 Bb7 32. Qc4 Qd6 0-1


[Site "https://www.chess.com"]

[Event "Titled Tuesday Blitz April 26 Early 2022"]
[White "Ibrahimli, Murad"]
[Black "Xiong, Jeffery"]
[WhiteFideId "13410229"]
[BlackFideId "2047640"]
[WhiteElo "2109"]
[BlackElo "2727"]
[Result "0-1"]
[Round "10"]
[TimeControl "180+1"]
[Date "2022.04.26"]
[WhiteClock "0:00:16"]
[BlackClock "0:01:21"]

1. d4 d5 2. c4 e6 3. Nf3 dxc4 4. e3 a6 5. a4 Nf6 6. Bxc4 c5 7. O-O Nc6 8. Qe2 Qc7 9. Rd1 Bd6 10. Nc3 O-O 11. h3 h6 12. d5 exd5 13. Bxd5 Re8 14. b3 Nb4 15. Bc4 Bf5 16. Bb2 Rad8 17. Rd2 Qe7 18. Rad1 Bc7 19. Rxd8 Rxd8 20. Rxd8+ Bxd8 21. Nh4 Bh7 22. Qf3 Qd7 23. g3 Nc6 24. Nd5 Ne4 25. Kh2 b5 26. axb5 axb5 27. Bxb5 Qxd5 28. Bc4 Qd7 29. Qe2 Bxh4 30. gxh4 Qd2 31. Qxd2 Nxd2 32. Bd5 Nb4 0-1


[Site "https://www.chess.com"]

[Event "Titled Tuesday Blitz April 26 Early 2022"]
[White "Itkis, Boris"]
[Black "Buchenau, Frank"]
[WhiteFideId "1209167"]
[BlackFideId "4604350"]
[WhiteElo "2207"]
[BlackElo "2193"]
[Result "1-0"]
[Round "10"]
[TimeControl "180+1"]
[Date "2022.04.26"]
[WhiteClock "0:00:52"]
[BlackClock "0:00:11"]

1. b3 d5 2. Nf3 Bg4 3. e3 Nf6 4. Bb2 e6 5. h3 Bh5 6. d4 Bb4+ 7. Nbd2 O-O 8. Be2 Ne4 9. O-O Nc3 10. Qe1 Nxe2+ 11. Qxe2 Bxd2 12. Qxd2 Bxf3 13. gxf3 Qg5+ 14. Kh2 Qh5 15. f4 Nd7 16. Rg1 Nf6 17. Rg2 Ne4 18. Qd1 Qxd1 19. Rxd1 a5 20. f3 Nd6 21. Rdg1 g6 22. a4 Nf5 23. Re2 Rfd8 24. Rd1 c6 25. e4 Ng7 26. Bc1 b5 27. Be3 bxa4 28. bxa4 Rdb8 29. Ra1 Rb2 30. Kg2 Rab8 31. Kf2 Ne8 32. Bd2 Rxc2 33. Bxa5 Rxe2+ 34. Kxe2 Rb2+ 35. Ke3 Nd6 36. Bc3 Rb3 37. Kd3 dxe4+ 38. fxe4 Nxe4 39. Kxe4 Rxc3 40. a5 Rb3 41. a6 Rb8 42. a7 Ra8 43. Ke5 Kg7 44. Kd6 Kf6 45. Kxc6 Kf5 46. Kb7 Re8 47. a8=Q Rxa8 48. Kxa8 Kxf4 49. Rf1+ Ke4 50. Rxf7 Kxd4 51. Rxh7 Ke4 52. Rf7 1-0


[Site "https://www.chess.com"]

[Event "Titled Tuesday Blitz April 26 Early 2022"]
[White "Jakubowski, Krzysztof"]
[Black "Nozdrachev, Leonid"]
[WhiteFideId "1112848"]
[BlackFideId "24113433"]
[WhiteElo "2365"]
[BlackElo "2242"]
[Result "0-1"]
[Round "10"]
[TimeControl "180+1"]
[Date "2022.04.26"]
[WhiteClock "0:00:02"]
[BlackClock "0:00:04"]

1. e4 d6 2. d4 Nf6 3. Nc3 e5 4. Nf3 Nbd7 5. Rg1 exd4 6. Nxd4 d5 7. exd5 Nb6 8. Bb5+ Bd7 9. Qe2+ Be7 10. Nf5 Kf8 11. Ne3 a6 12. Bd3 Bb5 13. Bxb5 axb5 14. Qxb5 h5 15. Bd2 h4 16. O-O-O Rh5 17. Be1 c6 18. dxc6 Qc7 19. cxb7 Rxb5 20. bxa8=Q+ Nxa8 21. Nxb5 Qxh2 22. Ba5 Qe5 23. a4 Ne4 24. Rgf1 Bf6 25. Nc4 Qc5 26. b3 Nxf2 27. Rd7 Ne4 28. Rfd1 Qg5+ 29. Kb1 Kg8 30. Ra7 Kh7 31. Rxa8 Qxg2 32. Re8 h3 33. Ne3 Qf3 34. Bb6 h2 35. Ka2 h1=Q 36. Rxh1+ Qxh1 37. Bd4 Qf3 38. Bxf6 Nxf6 39. Nc4 Nd5 0-1


[Site "https://www.chess.com"]

[Event "Titled Tuesday Blitz April 26 Early 2022"]
[White "Jarocka, Liwia"]
[Black "Ronka, Erik"]
[WhiteFideId "21807558"]
[BlackFideId "505080"]
[WhiteElo "1896"]
[BlackElo "2264"]
[Result "0-1"]
[Round "10"]
[TimeControl "180+1"]
[Date "2022.04.26"]
[WhiteClock "0:00:02"]
[BlackClock "0:00:11"]

1. e4 c6 2. d4 d5 3. Nd2 dxe4 4. Nxe4 Nf6 5. Nxf6+ exf6 6. c3 Bd6 7. Bd3 O-O 8. Ne2 Re8 9. Qc2 h5 10. Be3 Nd7 11. O-O-O Nf8 12. Kb1 Be6 13. Ng3 g6 14. Rhe1 b5 15. Ne4 a5 16. Nxd6 Qxd6 17. Qd2 Qd5 18. b3 a4 19. b4 Qxg2 20. Rg1 Qd5 21. Qc2 f5 22. Be2 Nd7 23. Bxh5 Kg7 24. Rg3 Nf6 25. Bf3 Qd6 26. Bg5 Nd5 27. h4 a3 28. Rgg1 Ra4 29. Bd2 Nf4 30. h5 Bd5 31. Bxf4 Qxf4 32. Bxd5 cxd5 33. hxg6 fxg6 34. Rg3 Re4 35. Rdg1 Ra6 36. Qd3 Rae6 37. Qd1 Qxf2 38. Qf1 Qb2# 0-1


[Site "https://www.chess.com"]

[Event "Titled Tuesday Blitz April 26 Early 2022"]
[White "Jobava, Baadur"]
[Black "Moiseenko, Alexander"]
[WhiteFideId "13601520"]
[BlackFideId "14102560"]
[WhiteElo "2617"]
[BlackElo "2577"]
[Result "1/2-1/2"]
[Round "10"]
[TimeControl "180+1"]
[Date "2022.04.26"]
[WhiteClock "0:01:08"]
[BlackClock "0:00:06"]

1. e4 c5 2. Nf3 Nc6 3. d4 cxd4 4. Nxd4 Nf6 5. Nc3 e5 6. Ndb5 d6 7. Nd5 Nxd5 8. exd5 Nb8 9. a4 Be7 10. Be2 O-O 11. O-O f5 12. Re1 Nd7 13. a5 a6 14. Nc3 Kh8 15. Ra3 Bg5 16. Bxg5 Qxg5 17. Na4 e4 18. Qd4 Ne5 19. Nb6 Rb8 20. Rc3 f4 21. Nxc8 f3 22. Bf1 fxg2 23. Be2 Rbxc8 24. Rxc8 Rxc8 25. Qxe4 Qd2 26. Rd1 Qxc2 27. Qe3 Qxb2 28. Kxg2 h6 29. Rd4 Qc3 30. Qxc3 Rxc3 31. Rb4 Rc5 32. Rxb7 Rxa5 33. f4 Ra2 34. Kf1 Ng6 35. Bd3 Nf8 36. Rb6 a5 37. Rxd6 Kg8 38. Bc4 Rc2 39. Rc6 Kf7 40. d6+ Kf6 41. Rc7 Nd7 42. Be6 Rxc7 43. dxc7 Nb6 44. c8=Q Nxc8 45. Bxc8 a4 46. f5 a3 47. Be6 g6 48. Ba2 Kxf5 1/2-1/2


[Site "https://www.chess.com"]

[Event "Titled Tuesday Blitz April 26 Early 2022"]
[White "Kaminski, Victor"]
[Black "Migot, Tangi"]
[WhiteFideId "1131630"]
[BlackFideId "662445"]
[WhiteElo "2181"]
[BlackElo "2517"]
[Result "1/2-1/2"]
[Round "10"]
[TimeControl "180+1"]
[Date "2022.04.26"]
[WhiteClock "0:00:06"]
[BlackClock "0:00:08"]

1. e4 g6 2. Bc4 Bg7 3. Qf3 e6 4. h4 d5 5. exd5 exd5 6. Bxd5 Nf6 7. Bxb7 Bxb7 8. Qxb7 Nbd7 9. Nc3 O-O 10. d3 Re8+ 11. Nge2 c5 12. Bg5 h6 13. Bf4 c4 14. O-O-O cxd3 15. Rxd3 Qe7 16. Re3 Qc5 17. Rd1 Nb6 18. Rxe8+ Rxe8 19. Be3 Qa5 20. Nd4 Nc4 21. Bf4 Qh5 22. g3 Qc5 23. Qc6 Qb4 24. Qb5 Qxb5 25. Ndxb5 Ne4 26. Re1 f5 27. f3 Nf6 28. Rxe8+ Nxe8 29. Nxa7 Nf6 30. b3 Nb6 31. a4 Nh5 32. Ne2 Nd5 33. Bd6 g5 34. hxg5 hxg5 35. a5 g4 36. fxg4 fxg4 37. Nc6 Bh6+ 38. Kb2 Be3 39. a6 Kf7 40. a7 Nb6 41. Bc7 Na8 42. Ba5 Ke6 43. Ned4+ Kd7 44. c3 Nxg3 45. Ne5+ Kd6 46. Ndc6 Ne4 47. Bb4+ Kc7 48. Kc2 Kb7 49. Kd3 Bxa7 50. Nxa7 Kxa7 51. Kxe4 g3 52. Nf3 g2 53. Ng1 Kb7 54. Bc5 Nc7 55. b4 Ne6 56. Bd4 Kc6 57. Kf3 Kd5 58. Bf6 Kc4 59. Kxg2 Nf4+ 60. Kf3 Nd5 61. Ne2 Nxf6 62. Ke3 Nd5+ 63. Kd2 Nxb4 64. cxb4 Kxb4 1/2-1/2


[Site "https://www.chess.com"]

[Event "Titled Tuesday Blitz April 26 Early 2022"]
[White "Kejzar, Petra"]
[Black "Jaskolka, Tomasz"]
[WhiteFideId "14610213"]
[BlackFideId "1170791"]
[WhiteElo "2003"]
[BlackElo "2073"]
[Result "0-1"]
[Round "10"]
[TimeControl "180+1"]
[Date "2022.04.26"]
[WhiteClock "0:00:12"]
[BlackClock "0:00:20"]

1. e4 c5 2. Nf3 e6 3. d4 cxd4 4. Nxd4 Nc6 5. Be2 Nf6 6. Nc3 a6 7. Nxc6 bxc6 8. e5 Nd5 9. Nxd5 cxd5 10. O-O d6 11. c4 dxe5 12. cxd5 exd5 13. Bf3 Be6 14. Re1 e4 15. Bxe4 dxe4 16. Qa4+ Qd7 17. Qxe4 Rd8 18. Bg5 Be7 19. Bxe7 Qxe7 20. Qa4+ Qd7 21. Qxa6 O-O 22. b4 Ra8 23. Qe2 Rfb8 24. Reb1 Qd4 25. a4 Rxb4 26. Rxb4 Qxb4 27. Qd3 h6 28. a5 Qb2 29. Qd1 Bc4 30. a6 Rxa6 31. Rb1 Qe2 32. Qd8+ Kh7 33. h3 Rf6 34. Qd4 Be6 35. Rb3 Bxb3 0-1


[Site "https://www.chess.com"]

[Event "Titled Tuesday Blitz April 26 Early 2022"]
[White "Khamdamova, Afruza"]
[Black "Petrova, Irina"]
[WhiteFideId "14210444"]
[BlackFideId "14124122"]
[WhiteElo "1660"]
[BlackElo "1993"]
[Result "0-1"]
[Round "10"]
[TimeControl "180+1"]
[Date "2022.04.26"]
[WhiteClock "0:00:02"]
[BlackClock "0:00:24"]

1. e4 c5 2. Nf3 Nc6 3. d4 cxd4 4. Nxd4 Nf6 5. Nc3 e5 6. Ndb5 d6 7. Nd5 Nxd5 8. exd5 Nb8 9. c4 Be7 10. Bd3 f5 11. Be3 a6 12. Nc3 e4 13. Bc2 O-O 14. f4 b5 15. cxb5 axb5 16. Nxb5 Ba6 17. a4 Qa5+ 18. Kf2 Nd7 19. Re1 Bxb5 20. axb5 Qxb5 21. Ba4 Qxb2+ 22. Re2 Qb7 23. Bc6 Rxa1 24. Qxa1 Qc7 25. Ra2 Nb8 26. Ra7 Qd8 27. Qa4 Nxc6 28. Qxc6 Bf6 29. Rd7 Qb8 30. Qxd6 Qb2+ 31. Kg3 Qe2 32. Qc5 h5 33. h3 h4+ 34. Kh2 Qe1 35. Bf2 Qd2 36. Rc7 Qxf4+ 37. g3 hxg3+ 38. Bxg3 Qd2+ 39. Kh1 Qd1+ 40. Kg2 Bd4 41. Qc1 Qf3+ 42. Kh2 Qe2+ 43. Kh1 Be3 44. Qc2 Qf1+ 45. Kh2 Qg1# 0-1


[Site "https://www.chess.com"]

[Event "Titled Tuesday Blitz April 26 Early 2022"]
[White "Koellner, Ruben Gideon"]
[Black "Leiva, Gianmarco"]
[WhiteFideId "12993093"]
[BlackFideId "3804399"]
[WhiteElo "2594"]
[BlackElo "2323"]
[Result "0-1"]
[Round "10"]
[TimeControl "180+1"]
[Date "2022.04.26"]
[WhiteClock "0:00:56"]
[BlackClock "0:01:24"]

1. d4 Nf6 2. Bg5 Ne4 3. Bf4 d5 4. e3 c5 5. Bd3 Nf6 6. c3 Nc6 7. Nd2 Bg4 8. Ngf3 e6 9. h3 Bh5 10. O-O cxd4 11. exd4 Bd6 12. Bxd6 Qxd6 13. Re1 O-O 14. Qe2 Rab8 15. a3 a6 16. Qe3 Na5 17. Ne5 b5 18. f4 Nc4 19. Bxc4 bxc4 20. Rab1 Rb5 21. g4 Bg6 22. Nxg6 hxg6 23. b4 cxb3 24. Nxb3 Rfb8 25. Nd2 Qxa3 26. Ra1 Qd6 27. Ra2 Rb2 28. Rea1 Rxa2 29. Rxa2 Qc6 30. Qd3 Rc8 31. Nb1 Ne4 32. Rxa6 Qc7 33. Qe3 Qb7 34. Qd3 Qb8 35. Qe3 Qxb1+ 0-1


[Site "https://www.chess.com"]

[Event "Titled Tuesday Blitz April 26 Early 2022"]
[White "Kosteniuk, Alexandra"]
[Black "Sanchez, Robert"]
[WhiteFideId "4128125"]
[BlackFideId "2034360"]
[WhiteElo "2469"]
[BlackElo "2411"]
[Result "0-1"]
[Round "10"]
[TimeControl "180+1"]
[Date "2022.04.26"]
[WhiteClock "0:01:04"]
[BlackClock "0:01:12"]

1. Nf3 d5 2. g3 c6 3. Bg2 Nf6 4. O-O Bf5 5. d3 h6 6. Nbd2 e6 7. Re1 Bg4 8. e4 Be7 9. h3 Bxf3 10. Qxf3 O-O 11. e5 Nfd7 12. d4 c5 13. c4 Nb6 14. dxc5 Bxc5 15. Nb3 Bb4 16. Bd2 Qe7 17. cxd5 Nxd5 18. Bxb4 Qxb4 19. Rad1 Nc6 20. Re4 Qb6 21. Qe2 Rad8 22. Rg4 Nde7 23. Rxd8 Rxd8 24. Kh2 Ng6 25. f4 Nd4 26. Nxd4 Rxd4 27. Qc2 Qd8 28. h4 Nxe5 29. fxe5 Rxg4 30. Bxb7 Rd4 31. Bg2 Rd2 32. Qb3 Qd5 33. Qxd5 exd5 34. Kg1 d4 0-1


[Site "https://www.chess.com"]

[Event "Titled Tuesday Blitz April 26 Early 2022"]
[White "Kotepalli, Sai Nirupama"]
[Black "Skliarov, Viktor"]
[WhiteFideId "5039444"]
[BlackFideId "14106736"]
[WhiteElo "2390"]
[BlackElo "2229"]
[Result "0-1"]
[Round "10"]
[TimeControl "180+1"]
[Date "2022.04.26"]
[WhiteClock "0:00:15"]
[BlackClock "0:00:55"]

1. e4 c5 2. Nf3 Nc6 3. d3 g6 4. g3 Bg7 5. Bg2 e6 6. O-O Nge7 7. c3 O-O 8. Qe2 d5 9. e5 b5 10. Bf4 b4 11. a3 bxc3 12. bxc3 Ba6 13. h4 Rb8 14. Nbd2 Qa5 15. Rfc1 Rb2 16. Bf1 Rfb8 17. h5 Qa4 18. h6 Bf8 19. Ng5 Na5 20. Qf3 Nf5 21. g4 Nxh6 22. Be2 Nb3 23. Bd1 Nxd2 24. Bxd2 Qxg4+ 25. Qxg4 Nxg4 26. Bxg4 Rxd2 27. Rab1 Rdb2 28. Rxb2 Rxb2 29. d4 c4 30. Ra1 h5 31. Bh3 Bc8 32. a4 a5 33. Kf1 Bd7 34. Nf3 Be7 35. Ng1 g5 36. Ne2 Kg7 37. f4 g4 38. Bg2 h4 39. f5 Bg5 40. fxe6 fxe6 41. Bh1 Be8 42. Bg2 Bg6 43. Bh1 Bd3 44. Re1 Bd2 45. Rd1 Bxc3 0-1


[Site "https://www.chess.com"]

[Event "Titled Tuesday Blitz April 26 Early 2022"]
[White "Kucuksari, Kaan"]
[Black "Belenkaya, Dina"]
[WhiteFideId "6380166"]
[BlackFideId "24142654"]
[WhiteElo "2305"]
[BlackElo "2196"]
[Result "1-0"]
[Round "10"]
[TimeControl "180+1"]
[Date "2022.04.26"]
[WhiteClock "0:02:44"]
[BlackClock "0:02:17"]

1. d4 d5 2. c4 dxc4 3. Nf3 Nf6 4. e3 a6 5. Bxc4 b5 6. Be2 Bb7 7. O-O e6 8. a4 Nbd7 9. axb5 axb5 10. Rxa8 Qxa8 11. Bxb5 c5 12. Ne5 Bxg2 13. dxc5 Bxf1 14. Bxd7+ Kd8 15. Bc6+ Kc7 16. Bxa8 1-0


[Site "https://www.chess.com"]

[Event "Titled Tuesday Blitz April 26 Early 2022"]
[White "Kuznetsov, Mikhail"]
[Black "Wartiovaara, Oliver"]
[WhiteFideId "4117190"]
[BlackFideId "513024"]
[WhiteElo "1981"]
[BlackElo "1971"]
[Result "1-0"]
[Round "10"]
[TimeControl "180+1"]
[Date "2022.04.26"]
[WhiteClock "0:00:43"]
[BlackClock "0:00:24"]

1. Nf3 Nf6 2. g3 g6 3. Bg2 Bg7 4. O-O O-O 5. d3 d6 6. e4 e5 7. c3 c6 8. Nfd2 b6 9. f4 b5 10. Nf3 Nbd7 11. Na3 Qb6+ 12. Kh1 Re8 13. Nc2 a5 14. Ne3 b4 15. f5 Ba6 16. g4 Nc5 17. c4 d5 18. g5 dxe4 19. gxf6 exf3 20. Qxf3 e4 21. dxe4 Bxf6 22. fxg6 Nxe4 23. gxh7+ Kh8 24. Qf5 Re5 25. Qd7 c5 26. Nd5 Qe6 27. Qxe6 fxe6 28. Nxf6 Bxc4 29. Bxe4 Rxe4 30. Nxe4 Bxf1 31. Be3 Bc4 32. Bxc5 Bd5 33. Re1 Rc8 34. Bd4+ Kxh7 35. Kg1 Rc2 36. Nf6+ Kg6 37. Nxd5 exd5 38. Re5 Rc1+ 39. Kg2 Rc2+ 40. Kg3 a4 41. Rxd5 b3 42. axb3 axb3 43. Rb5 Rd2 44. Bc3 Rd3+ 45. Kg2 Re3 46. Rxb3 Re4 1-0


[Site "https://www.chess.com"]

[Event "Titled Tuesday Blitz April 26 Early 2022"]
[White "Lach, Aleksandra"]
[Black "O`Gorman, Tom"]
[WhiteFideId "1134299"]
[BlackFideId "2508249"]
[WhiteElo "2172"]
[BlackElo "2247"]
[Result "0-1"]
[Round "10"]
[TimeControl "180+1"]
[Date "2022.04.26"]
[WhiteClock "0:00:09"]
[BlackClock "0:00:27"]

1. e4 e5 2. Nc3 Nf6 3. d4 exd4 4. Qxd4 Nc6 5. Qd3 Be7 6. Bf4 O-O 7. f3 d5 8. Nxd5 Nxd5 9. Qxd5 Nb4 10. Qb3 Be6 11. Bc4 Bxc4 12. Qxc4 Qd4 13. Qxd4 Nxc2+ 14. Kf1 Nxd4 15. Bxc7 Rac8 16. Ba5 Rc2 17. Bc3 Nb5 18. Ne2 Rd8 19. f4 Nxc3 20. bxc3 Rdd2 21. Re1 Rxa2 22. Kf2 Bc5+ 23. Kf3 h5 24. e5 Rd3+ 25. Ke4 Re3+ 26. Kd5 Raxe2 27. Rxe2 Rxe2 28. Kxc5 Rxg2 29. f5 Rf2 30. Ra1 Rxf5 31. Kd6 a6 32. Rb1 Rf3 33. c4 Rd3+ 34. Kc5 b5 35. cxb5 axb5 36. Rb2 Kh7 37. Rf2 Kg6 38. Rg2+ Kf5 39. Rxg7 Ke6 40. Kxb5 Rh3 41. Kc4 Rxh2 42. Kd4 Rh4+ 43. Ke3 Rg4 44. Rh7 Rg5 45. Kf4 Rf5+ 46. Kg3 Rxe5 47. Kh4 Kf6 48. Rh6+ Kg7 49. Rd6 f6 50. Rd8 Kg6 51. Rg8+ Kf5 52. Kxh5 Re1 0-1


[Site "https://www.chess.com"]

[Event "Titled Tuesday Blitz April 26 Early 2022"]
[White "Lazavik, Denis"]
[Black "Daneshvar, Bardiya"]
[WhiteFideId "13515110"]
[BlackFideId "12576468"]
[WhiteElo "2437"]
[BlackElo "2330"]
[Result "0-1"]
[Round "10"]
[TimeControl "180+1"]
[Date "2022.04.26"]
[WhiteClock "0:00:24"]
[BlackClock "0:00:31"]

1. d4 Nf6 2. c4 e6 3. Nf3 d5 4. g3 Bb4+ 5. Bd2 Be7 6. Bg2 O-O 7. O-O c6 8. Bf4 dxc4 9. Ne5 Nd5 10. Nxc4 Nxf4 11. gxf4 Nd7 12. e3 Nb6 13. Ne5 Nd5 14. Nd2 c5 15. dxc5 Bxc5 16. Ne4 Be7 17. Qb3 f6 18. Nd3 b6 19. Rfd1 Bb7 20. f5 Kh8 21. fxe6 Qc8 22. Nf4 Nxf4 23. exf4 f5 24. Rac1 Qe8 25. Nd6 Bxd6 26. Rxd6 Bxg2 27. Kxg2 Rf6 28. Qd5 Qg6+ 29. Kh1 Re8 30. Re1 h6 31. Rd8 Rff8 32. e7 Rg8 33. Re5 Kh7 34. Rxe8 Rxe8 35. Qd7 Qh5 36. Kg1 Qg4+ 37. Kf1 Qh3+ 38. Ke1 Qh5 39. b3 Qf7 40. Kd2 Qh5 41. Kc2 Qf7 42. Kb2 Qg6 43. Qxa7 Qd6 44. Qc7 Qxc7 0-1


[Site "https://www.chess.com"]